 Dungeon Crawl Stone Soup version 0.30.1-9-gdf580d7c3d (webtiles) character file.

Game seed: 17550663880732633919

7745 Peloso the Blocker (level 11, -2/95 HPs)
             Began as a Minotaur Fighter on Oct 10, 2023.
             Was an Elder of Okawaru.
             Slain by Snorg (6 damage)
             ... on level 10 of the Dungeon.
             The game lasted 00:26:32 (9331 turns).

Peloso the Blocker (Minotaur Fighter)               Turns: 9331, Time: 00:26:33

Health: -2/95      AC: 17    Str: 21    XL:     11   Next: 0%
Magic:  10/10      EV:  9    Int:  5    God:    Okawaru [****..]
Gold:   411        SH: 21    Dex: 14    Spells: 10/10 levels left

rFire   . . .        b - +2 falchion
rCold   . . .        d - +0 tower shield
rNeg    . . .        r - +3 scale mail {rPois}
rPois   +            (helmet restricted)
rElec   .            (no cloak)
rCorr   .            q - +1 pair of gloves
SInv    .            (no boots)
Will    .....        k - amulet of reflection Stlth
                     z - +4 ring of protection
HPRegen 0.35/turn    (no ring)
MPRegen 0.12/turn

%: reflection
@: mighty
A: horns 2, retaliatory headbutt
a: Renounce Religion, Heroism, Finesse


You were on level 10 of the Dungeon.
You worshipped Okawaru.
Okawaru was greatly pleased with you.
You visited 1 branch of the dungeon, and saw 10 of its levels.

You collected 649 gold pieces.
You spent 238 gold pieces at shops.

Inventory:

Hand Weapons
 a - a +1 long sword
 b - a +2 falchion (weapon)
 c - the +8 sling of the Gnashing Gods {antimagic, rF+}
   (You found it on level 2 of the Dungeon)

   rF:        It protects you from fire.
Missiles
 m - 65 stones (quivered)
Armour
 d - a +0 tower shield (worn)
 q - a +1 pair of gloves (worn)
 r - a +3 scale mail of poison resistance (worn)
Jewellery
 k - an amulet of reflection (around neck)
 z - a +4 ring of protection (left hand)
 A - an amulet of faith
 D - a ring of ice
Wands
 v - a wand of iceblast (12)
 y - a wand of paralysis (10)
 B - a wand of acid (2)
Scrolls
 f - 5 scrolls of teleportation
 g - 2 scrolls of vulnerability {unknown}
 i - 3 scrolls of immolation {unknown}
 j - 3 scrolls of silence
 p - a scroll of poison
 t - 3 scrolls of enchant armour {unknown}
 u - 2 scrolls of enchant weapon {unknown}
 w - 2 scrolls of magic mapping
 C - a scroll of blinking {unknown}
 E - a scroll of fear
 F - a scroll of summoning
Potions
 e - a potion of resistance {unknown}
 h - a potion of might
 l - 2 potions of lignification
 n - 2 potions of cancellation
 o - 3 potions of curing
 s - a potion of mutation
 x - a potion of flight {unknown}
 G - a potion of magic {unknown}


   Skills:
 + Level 8.3 Fighting
 + Level 10.0 Long Blades
 + Level 9.0 Ranged Weapons
 + Level 7.6 Armour
 + Level 4.3 Dodging
 + Level 1.5 Stealth
 + Level 10.2 Shields
 + Level 0.2 Invocations


You had 10 spell levels left.
You didn't know any spells.
Your spell library contained the following spells:

 Spells                   Type           Power      Damage    Failure   Level
 Scorch                   Fire           0%         2d5       100%        2
 Hailstorm                Conj/Ice       0%         3d3       100%        3
 Volatile Blastmotes      Fire/Tloc      0%         2d10      100%        3
 Flame Wave               Conj/Fire      0%         2d4       100%        4
 Fulminant Prism          Conj/Hex       0%         3d5       100%        4
 Ice Form                 Ice/Tmut       0%         N/A       100%        4
 Iskenderun's Mystic Bla  Conj/Tloc      0%         2d3       100%        4
 Lee's Rapid Deconstruct  Erth           0%         3d4*      100%        5
 Simulacrum               Ice/Necr       Unusable   N/A       N/A         6
 Summon Cactus Giant      Summ           Unusable   N/A       N/A         6

Dungeon Overview and Level Annotations

Branches:
Dungeon (10/15)            Temple (0/1) D:6
   Lair: D:8-11         Orc: D:9-12

Altars:
Elyvilon
Gozag
Hepliaklqana
Kikubaaqudgha
Nemelex Xobeh
Okawaru
The Shining One

Shops:
D:7 [(!   D:9 *

Annotations:
D:10 Snorg


Innate Abilities, Weirdness & Mutations

You have a pair of horns on your head.
You reflexively headbutt those who attack you in melee.


Message History

You now have 411 gold pieces (gained 21).
There is an open door here.
Found a stone staircase leading up.
Search for what [Enter for "stone", or ? for help]? flame Can't find anything matching that.
Search for what [Enter for "flame", or ? for help]? flame Can't find anything matching that.
Unknown command.
Found a stone staircase leading down.
Snorg the Insatiable comes into view.
You feel very mighty all of a sudden.
Snorg shouts!
Snorg goes berserk!
You block Snorg's attack. Snorg claws you but does no damage. Snorg claws you!
You block Snorg's attack. Snorg claws you but does no damage.
You block Snorg's attack.
You slash Snorg! You headbutt Snorg!
Snorg is lightly wounded.
You block Snorg's attack. Snorg claws you but does no damage. Snorg claws you!
You slash Snorg!
Snorg is moderately wounded.
Snorg closely misses you. You furiously retaliate!
You headbutt Snorg! You block Snorg's attack.
Snorg claws you but does no damage. You block Snorg's attack.
Snorg closely misses you. You block Snorg's attack.
You slash Snorg! Your headbutt misses Snorg.
Snorg is moderately wounded.
Snorg closely misses you. You block Snorg's attack. Snorg barely misses you.
You closely miss Snorg. Your headbutt misses Snorg.
Snorg is moderately wounded.
Snorg bites you but does no damage. Snorg claws you but does no damage.
Snorg claws you! Snorg bites you!! You block Snorg's attack.
Snorg barely misses you.
You slash Snorg!
Snorg is heavily wounded.
You block Snorg's attack. Snorg claws you!
* * * LOW HITPOINT WARNING * * *
You block Snorg's attack. Snorg bites you!!
* * * LOW HITPOINT WARNING * * *
Snorg claws you.
You die...

######.##.##.
.#............
####.#.####.##.##.
......####.##.##.
................. #.
......####.##.##.
'...####.......
#.##.##.
#....KT........
..##.##.
#@.#.#.#######.##.
##..#.#.........###
#>.............##
#...#.#.###.##..###
##...#...#...###...#
#<.....###.#.#####.#
####................
##.####.#.######.
..........^......


You could see Snorg (berserk) and a kobold.

Vanquished Creatures
  2 two-headed ogres
  A death yak (D:10)
  Pikel (D:7)
  A polar bear (D:10)
  A centaur simulacrum (D:10)
  5 yaks
  2 wyverns
  An unseen horror simulacrum (D:10)
  A steam dragon (D:9)
  Edmund (D:6)
  An acid dragon (D:9)
  4 water moccasins
  2 sky beasts
  3 ice beasts
  A black bear (D:5)
  An orc warrior (D:8)
  A wolf (D:9)
  2 phantoms
  4 kobold brigands
  A gnoll sergeant (D:10)
  2 scorpions (D:6)
  3 bullfrogs
  11 wights
  4 howler monkeys
  2 electric eels (D:10)
  A hound (D:7)
  3 orc priests
  A gnoll bouda (D:9)
  3 jellies
  4 iguanas
  A sleepcap (D:6)
  Terence (D:3)
  9 orc wizards
  11 adders
  15 gnolls
  A shadow imp (D:7)
  3 white imps
  2 ufetubi
  2 worms
  3 dart slugs
  17 orcs
  7 ball pythons
  7 bats
  9 endoplasms
  7 giant cockroaches
  17 hobgoblins
  4 jackals (D:1)
  2 quokkas
  3 frilled lizards (D:1)
  11 goblins
  22 kobolds
  4 rats
228 creatures vanquished.

Vanquished Creatures (others)
  A kobold (D:9)
1 creature vanquished.

Grand Total: 229 creatures vanquished

Notes
Turn   | Place    | Note
-------+----------+-------------------------------------------
     0 | D:1      | Peloso the Minotaur Fighter began the quest for the Orb.
     0 | D:1      | Reached XP level 1. HP: 19/19 MP: 0/0
    84 | D:1      | Reached XP level 2. HP: 27/27 MP: 1/1
   374 | D:1      | Reached XP level 3. HP: 33/33 MP: 2/2
   698 | D:1      | Found a faded altar of an unknown god.
   829 | D:2      | Identified the +8 sling of the Gnashing Gods {antimagic,
                  | rF+}
  1812 | D:3      | Reached XP level 4. HP: 40/40 MP: 1/3
  2143 | D:3      | Reached skill level 1 in Ranged Weapons
  2158 | D:3      | Identified the +0 robe "Damnable Contraption" {Contam
                  | Rampage Regen+}
  2161 | D:3      | Noticed Terence
  2169 | D:3      | Killed Terence
  2281 | D:3      | Reached skill level 1 in Dodging
  2281 | D:3      | Reached XP level 5. HP: 26/46 MP: 4/4
  2439 | D:3      | Identified the +3 robe of Unipn {rC+ rCorr}
  3040 | D:4      | Reached skill level 5 in Armour
  3350 | D:5      | Entered Level 5 of the Dungeon
  3375 | D:5      | Reached skill level 5 in Shields
  3375 | D:5      | Reached XP level 6. HP: 46/53 MP: 1/5
  3411 | D:5      | Found a hazy altar of Hepliaklqana.
  3582 | D:5      | Found an iron altar of Okawaru.
  3598 | D:5      | Found a glowing golden altar of the Shining One.
  3600 | D:5      | Found an opulent altar of Gozag.
  3603 | D:5      | Became a worshipper of Warmaster Okawaru
  3726 | D:5      | Reached XP level 7. HP: 60/60 MP: 2/6
  3899 | D:6      | Noticed Edmund
  3920 | D:6      | Killed Edmund
  4140 | D:6      | Reached * piety under Okawaru
  4276 | D:6      | Found a staircase to the Ecumenical Temple.
  4309 | D:6      | Reached skill level 5 in Long Blades
  4342 | D:6      | Reached skill level 5 in Ranged Weapons
  4404 | D:6      | Reached skill level 5 in Fighting
  4404 | D:6      | Reached XP level 8. HP: 68/68 MP: 2/7
  5011 | D:7      | Found Fusigur's Distillery.
  5027 | D:7      | Reached ** piety under Okawaru
  5163 | D:7      | Noticed Pikel
  5177 | D:7      | Killed Pikel
  5178 | D:7      | Reached XP level 9. HP: 52/78 MP: 2/8
  5399 | D:7      | Found Amiprury's Antique Weapon Shoppe.
  5405 | D:7      | Found Wijenny's Armour Shop.
  5432 | D:7      | Bought a scorched war axe for 238 gold pieces
  5432 | D:7      | Identified the +0 war axe of Foolhardiness {venom, +Blink
                  | Str+2 Dex+2} (You bought it in a shop on level 7 of the
                  | Dungeon)
  5629 | D:7      | Found a sparkling altar of Nemelex Xobeh.
  5631 | D:7      | Found a white marble altar of Elyvilon.
  5755 | D:8      | Reached *** piety under Okawaru
  5780 | D:8      | Reached skill level 1 in Stealth
  6773 | D:9      | Received a gift from Okawaru
  6913 | D:9      | Reached XP level 10. HP: 80/86 MP: 9/9
  6970 | D:9      | Reached **** piety under Okawaru
  7362 | D:9      | Noticed a two-headed ogre
  7370 | D:9      | Killed a two-headed ogre
  7611 | D:9      | Found an ancient bone altar of Kikubaaqudgha.
  7738 | D:9      | Found Yvuem's Serpentskin Sales.
  7812 | D:9      | Identified the +3 rapier "Nymes" {freeze, rElec}
  8192 | D:10     | Entered Level 10 of the Dungeon
  8638 | D:10     | Noticed a death yak
  8679 | D:10     | Killed a death yak
  8793 | D:10     | Noticed a five-headed hydra
  8992 | D:10     | Reached ***** piety under Okawaru
  8993 | D:10     | Reached skill level 10 in Shields
  9110 | D:10     | Noticed a two-headed ogre
  9121 | D:10     | Killed a two-headed ogre
  9122 | D:10     | Reached skill level 10 in Long Blades
  9122 | D:10     | Reached XP level 11. HP: 74/95 MP: 7/10
  9323 | D:10     | Noticed Snorg
  9331 | D:10     | HP: 4/95 [Snorg (18)]
  9331 | D:10     | Slain by Snorg

Illustrated notes

Levels and vault maps discovered:
D:1:      saegor_arrival_simple_a, layout_loops_cross,
          ebering_ecumenical_altar_sacrificial, chequers_arboretum
D:2:      layout_loops_corners
D:3:      cheibrodos_greedy_goblins, layout_basic, uniq_terence
D:4:      layout_loops_ring
D:5:      layout_cave_pools, lemuel_doored_altar, grunt_temple_overflow_open
D:6:      layout_loops_corners, minmay_temple_entry_trees, serial_bayou_ford_a,
          uniq_edmund
D:7:      layout_rooms, gammafunk_temple_overflow_pools, serial_shops,
          nicolae_shop_industrial_runoff, nicolae_shop_just_a_little_nook,
          nicolae_shop_tiny_statue_garden, minmay_misc_feat_more_columns,
          uniq_pikel
D:8:      layout_cave_pods
D:9:      layout_loops_ring, kennysheep_little_box, guppyfry_shop_venom
D:10:     layout_basic, serial_ice, serial_ice_m, serial_ice_i, serial_ice_c,
          serial_ice_b, serial_shops, shop, kennysheep_small_circle, uniq_snorg

Skill      XL: |  1  2  3  4  5  6  7  8  9 10 |
---------------+-------------------------------+-----
Armour         | 4 5 6 7 |  7.6
Shields        | 4 5 6 8 10 | 10.2
Fighting       | 4 5 6 7 8 |  8.3
Long Blades    | 3 4 5 7 10 | 10.0
Ranged Weapons | 2 4 5 7 8 9 |  9.0
Dodging        | 1 2 3 4 |  4.3
Stealth        | 1 |  1.5
Invocations    | |  0.2

Action                     |  1- 3 |  4- 6 |  7- 9 | 10-12 || total
---------------------------+-------+-------+-------+-------++-------
  Melee: Long sword        |    67 |    63 |   205 |    87 ||   422
         Headbutt          |     5 |    10 |    42 |    67 ||   124
         Falchion          |       |       |       |   197 ||   197
   Fire: Sling             |    25 |   118 |   140 |    26 ||   309
  Throw: Stone             |       |       |       |     3 ||     3
 Invoke: Heroism           |       |       |       |     3 ||     3
    Use: Potion            |     1 |       |       |     1 ||     2
         Scroll            |       |     5 |     4 |     2 ||    11
 Armour: Scale mail        |    42 |    38 |    77 |    83 ||   240
  Dodge: Dodged            |    30 |    20 |    42 |    62 ||   154
  Block: Buckler           |    13 |       |       |       ||    13
         Tower shield      |    27 |   123 |   257 |   302 ||   709
         Reflection        |     1 |       |     5 |    11 ||    17
